 Dungeon Crawl Stone Soup version 0.27-a0-631-g2d681adce0 (webtiles) character file.

Game seed: 16996401253494462360

31 inc the Scratcher (level 3, -4/17 HPs)
             Began as a Felid Chaos Knight on Mar 13, 2021.
             Was a Plaything of Xom.
             Blown up by Ijyb (21 damage)
             ... with a mindburst bolt
             ... on level 3 of the Dungeon.
             The game lasted 00:02:17 (1978 turns).

inc the Scratcher (Felid Chaos Knight)              Turns: 1978, Time: 00:02:18

Health: -4/17      AC:  1    Str:  8    XL:     3   Next: 7%
Magic:  4/4        EV: 18    Int: 13    God:    Xom [..*...]
Gold:   117        SH:  0    Dex: 16    Spells: 2/2 levels left
                                        Lives:  0   Deaths: 0

rFire    . . .     SeeInvis +     - Unarmed
rCold    . . .     Faith    .   (shield unavailable)
rNeg     . . .     Spirit   .   (armour unavailable)
rPois    .         Reflect  .   (helmet unavailable)
rElec    .         Harm     .   (cloak unavailable)
rCorr    .         Rampage  .   (gloves unavailable)
Will     .....                  (boots unavailable)
Stlth    ++........             (no amulet)
HPRegen  0.05/turn              (no ring)
MPRegen  0.09/turn              (no ring)

@: quick
A: very small, claws 1, fangs 3, see invisible, speed 1, shaggy fur 1, stealthy
paws, no weapons or thrown items, no armour, multi-lived
a: Renounce Religion


You were on level 3 of the Dungeon.
You worshipped Xom.
You were a toy of Xom.
You visited 1 branch of the dungeon, and saw 3 of its levels.

You collected 117 gold pieces.

Inventory:

Scrolls
 a - a scroll of noise {unknown}
Potions
 b - a potion of flight {unknown}
 c - a potion of heal wounds {unknown}


   Skills:
 - Level 3.0 Fighting
 - Level 3.2 Dodging
 + Level 1.8 Stealth
 - Level 4.0 Unarmed Combat


You had 2 spell levels left.
You didn't know any spells.
Your spell library was empty.

Dungeon Overview and Level Annotations

Branches:
Dungeon (2/15)

Altars:
Nemelex Xobeh

Annotations:
D:3 Ijyb


Innate Abilities, Weirdness & Mutations

You have sharp claws.
You have razor-sharp teeth.
You have supernaturally acute eyesight. (SInv)
You cover ground quickly. (Speed+)
You are covered in fur. (AC +1)
Your stealthy paws help you sneak and pounce on unaware monsters.
You are incapable of wielding weapons or throwing items.
You cannot wear armour.
You gain extra lives every three experience levels.


Message History

You are too injured to fight recklessly!
You scratch the worm but do no damage.
The worm is almost dead.
You scratch the worm.
You kill the worm!
You have reached level 3!
Your experience leads to an increase in your attributes!
Increase (S)trength, (I)ntelligence, or (D)exterity?
You feel agile. "Let's try an experiment, hmmm?"
The water in the fountain briefly swirls.
You open the door.
An iguana comes into view.
There is an open door here.
An iguana is nearby!
You barely miss the iguana. The iguana bites you.
You closely miss the iguana. The iguana bites you!
You are too injured to fight recklessly! "Go forth and destroy!"
You feel very mighty all of a sudden.
There is an open door here.
You close the door.
You start resting.
You feel a little less mighty now.
You start resting.
HP restored.
You enter the shallow water.
Moving in this stuff is going to be slow.
You enter the shallow water.
Moving in this stuff is going to be slow.
You enter the shallow water.
Moving in this stuff is going to be slow.
You enter the shallow water.
Moving in this stuff is going to be slow.
Ijyb the Twisted Goblin comes into view.
She is wielding a +0 dagger and carrying a wand of mindburst (14).
Ijyb shouts!
Ijyb zaps a wand.
Your mind is blasted!
Ouch! That really hurt!
You die...
Xom bursts into laughter!

##.....##
##.......##
##.......g.#
'.........'
.........# .......#
#.....# #####@...#
#≈≈≈≈.≈.≈##
###≈≈≈≈≈≈.#
##≈≈≈≈≈≈≈.#
###.≈≈♣.....#
#..≈≈≈.≈≈≈≈≈#
#.##♣≈...≈..#
#.##....≈≈.≈♣.♣# ##
#....≈...♣≈≈.###...


You could see Ijyb.

Vanquished Creatures
  An ooze (D:3)
  A worm (D:3)
  A dart slug (D:1)
  2 bats (D:1)
  A giant cockroach (D:1)
  2 goblins (D:1)
  3 hobgoblins (D:1)
  5 kobolds (D:1)
  A quokka (D:3)
  A frilled lizard (D:3)
  3 rats (D:1)
21 creatures vanquished.

Notes
Turn   | Place    | Note
-------+----------+-------------------------------------------
     0 | D:1      | inc the Felid Chaos Knight began the quest for the Orb.
     0 | D:1      | Reached XP level 1. HP: 10/10 MP: 2/2
   203 | D:1      | Reached XP level 2. HP: 13/14 MP: 3/3
   405 | D:1      | XOM: silly message
   623 | D:1      | XOM: butterfly on damage
  1049 | D:1      | XOM: god gift: 42 gold pieces
  1230 | D:1      | Reached skill level 4 in Unarmed Combat
  1471 | D:2      | XOM: god gift: leather armour {god gift}
  1485 | D:2      | You fall into a shaft and drop 1 floor!
  1519 | D:3      | Reached skill level 1 in Stealth
  1572 | D:3      | Found a sparkling altar of Nemelex Xobeh.
  1585 | D:3      | Reached XP level 3. HP: 9/17 MP: 4/4
  1623 | D:3      | XOM: silly message
  1750 | D:3      | XOM: potion effect (might)
  1977 | D:3      | Noticed Ijyb
  1978 | D:3      | Blown up by Ijyb

Illustrated notes

Levels and vault maps discovered:
D:1:      dpeg_arrival_rooms_b, layout_basic
D:2:      layout_rooms, nicolae_overflow_hidden_temple, fedhas_altar_4
D:3:      layout_loops_corners, nemelex_xobeh_ov_fountains_minmay,
          chequers_ecumenical_altar_twisty, gammafunk_ghost_split,
          chequers_serial_rivers_marsh, led_sif_pool, uniq_ijyb

Skill      XL: |  1  2 |
---------------+-------+-----
Unarmed Combat | 4 |  4.0
Stealth        | 1 |  1.8
Fighting       | |  3.0
Dodging        | |  3.2

Action                   || total
-------------------------++-------
Melee: Unarmed           ||    56
       Bite              ||     4
       Punch             ||     3
Armor: Skin              ||     2
Dodge: Dodged            ||    27

Table legend: (Time is in decaauts)
 A = Elapsed time spent in this place.
 B = Non-inter-level travel time spent in this place.
 C = Inter-level travel time spent in this place.
 D = Time resting spent in this place.
 E = Time spent auto-exploring this place.
 F = Levels seen in this place.
 G = Mean time per level.
                   A        B        C        D        E       F      G
               +--------+--------+--------+--------+--------+-----+--------+
         Total |   1802 |   1780 |     22 |    286 |   1242 |   3 |  600.7 |
       Dungeon |   1802 |   1780 |     22 |    286 |   1242 |   3 |  600.7 |
               +--------+--------+--------+--------+--------+-----+--------+

Top non-repeatable levels by time:
     D:1: 1261 daAuts
     D:3: 470 daAuts
     D:2: 71 daAuts
